 Dungeon Crawl Stone Soup version 0.23.1 (webtiles) character file.

Game seed: 15125684713166287033

1525 Giel the Chopper (level 8, -1/73 HPs)
             Began as a Hill Orc Fighter on Mar 18, 2019.
             Slain by a bullfrog (7 damage)
             ... on level 6 of the Dungeon.
             The game lasted 00:12:06 (5219 turns).

Giel the Chopper (Hill Orc Fighter)                 Turns: 5219, Time: 00:12:07

Health: -1/73      AC:  9    Str: 21    XL:     8   Next: 84%
Magic:  8/8        EV:  8    Int:  8    God:
Gold:   161        SH: 10    Dex: 10    Spells: 7/7 levels left

rFire    . . .     SeeInvis .   a - +0 war axe
rCold    . . .     Gourm    .   c - +0 shield
rNeg     . . .     Faith    .   b - +0 scale mail
rPois    .         Spirit   .   (no helmet)
rElec    .         Reflect  .   o - +0 cloak
rCorr    .         Harm     .   (no gloves)
MR       .....                  (no boots)
Stlth    ..........             l - amulet of rage (curse)
HPRegen  0.22/turn              (no ring)
MPRegen  0.11/turn              (no ring)

@: no status effects
A: no striking features
a: Evoke Berserk Rage


You were on level 6 of the Dungeon.
You were not hungry.

You visited 2 branches of the dungeon, and saw 7 of its levels.

You collected 161 gold pieces.

Inventory:

Hand Weapons
 a - a +0 war axe (weapon)
Armour
 b - a +0 scale mail (worn)
 c - a +0 shield (worn)
 o - a +0 cloak (worn)
Jewellery
 l - a cursed amulet of rage (around neck)
Wands
 u - a wand of acid (10)
Scrolls
 e - a scroll of random uselessness {unknown}
 h - 6 scrolls of remove curse {unknown}
 k - 3 scrolls of teleportation {unknown}
 m - a scroll of magic mapping {unknown}
 q - a scroll of fear {unknown}
Potions
 d - 3 potions of might
 g - 2 potions of brilliance {unknown}
 i - 2 potions of invisibility
 j - 2 potions of mutation {unknown}
 n - 3 potions of curing
 p - a potion of berserk rage {unknown}
 s - a potion of heal wounds {unknown}
 t - 2 potions of flight {unknown}
Comestibles
 f - 10 rations


   Skills:
 + Level 7.3 Fighting
 + Level 7.4 Axes
 + Level 6.7 Armour
 + Level 6.7 Shields


You had 7 spell levels left.
You didn't know any spells.
Your spell library contained the following spells:

 Spells                   Type           Power        Failure   Level  Hunger
 Beastly Appendage        Tmut           #.....       97%         1    ##.....
 Sticks to Snakes         Tmut           #.......     99%         2    ###....
 Spider Form              Tmut/Pois      #.........   100%        3    ####...
 Ice Form                 Ice/Tmut       #.......     100%        4    #####..
 Blade Hands              Tmut           #.........   100%        5    ######.


Dungeon Overview and Level Annotations

Branches:
Dungeon (6/15)             Temple (1/1) D:5

Altars:
Ashenzari
Cheibriados
Dithmenos
Fedhas
Gozag
Hepliaklqana
Kikubaaqudgha
Nemelex Xobeh
Okawaru
Qazlal
Trog
Uskayaw
Vehumet
Wu Jian
Xom
Yredelemnul
The Shining One


Message History

The bullfrog hits you but does no damage.
The bullfrog hits you.
* * * LOW HITPOINT WARNING * * *
The bullfrog hits you.
* * * LOW HITPOINT WARNING * * *
The bullfrog closely misses you. The bullfrog hits you!
* * * LOW HITPOINT WARNING * * *
The bullfrog hits you but does no damage.
You block the bullfrog's attack. The bullfrog barely misses you. x2
The bullfrog hits you.
* * * LOW HITPOINT WARNING * * *
You block the bullfrog's attack.
The bullfrog hits you but does no damage.
The bullfrog hits you.
* * * LOW HITPOINT WARNING * * *
You block the bullfrog's attack. x2
The bullfrog hits you!
You die...

#......)....#..
##............#
#...........##
##.........##
####....###
##...# ##....#
##.....#
#...@..#
#.#(F..#
#.###...# #.#
#..... #.#
##..... .#
....<# .....#
#....#


You could see a bullfrog.

Vanquished Creatures
  Menkaure (D:4)
  An ice beast (D:5)
  A phantom (D:5)
  2 ogres (D:5)
  3 centaurs (D:5)
  A scorpion (D:5)
  A crimson imp (D:5)
  A quasit (D:5)
  5 orc priests
  A jelly (D:5)
  Jessica (D:3)
  An orc wizard (D:4)
  Natasha (thrice) (D:3)
  2 iguanas
  4 worker ants
  Terence (D:3)
  A hound zombie (D:5)
  11 adders
  A worm (D:2)
  3 dart slugs
  6 leopard geckos
  21 orcs
  4 giant cockroaches
  3 goblins
  5 hobgoblins
  4 jackals (D:1)
  3 kobolds
  4 quokkas
  2 ball pythons
  4 bats
  6 frilled lizards
  A quokka zombie (D:5)
  7 rats
  2 toadstools (D:1)
117 creatures vanquished.

Vanquished Creatures (others)
  2 toadstools (D:1)
2 creatures vanquished.

Grand Total: 119 creatures vanquished

Notes
Turn   | Place    | Note
-------+----------+-------------------------------------------
     0 | D:1      | Giel the Hill Orc Fighter began the quest for the Orb.
     0 | D:1      | Reached XP level 1. HP: 19/19 MP: 1/1
   202 | D:1      | Reached XP level 2. HP: 24/27 MP: 2/2
   844 | D:2      | Reached XP level 3. HP: 15/33 MP: 3/3
  1126 | D:2      | Reached XP level 4. HP: 40/40 MP: 4/4
  1143 | D:2      | Found a hazy altar of Hepliaklqana.
  1567 | D:3      | Reached XP level 5. HP: 11/47 MP: 5/5
  1843 | D:3      | Noticed Jessica
  1844 | D:3      | Noticed Terence
  1860 | D:3      | Killed Terence
  1863 | D:3      | Killed Jessica
  2133 | D:3      | Reached skill level 5 in Fighting
  2133 | D:3      | Reached XP level 6. HP: 43/56 MP: 6/6
  2418 | D:3      | Noticed Natasha
  2439 | D:3      | Killed Natasha
  2711 | D:3      | Noticed Natasha
  2725 | D:3      | Killed Natasha
  2797 | D:3      | Noticed Natasha
  2807 | D:3      | Killed Natasha
  2807 | D:3      | Reached skill level 5 in Axes
  2807 | D:3      | Reached skill level 5 in Armour
  3223 | D:4      | Reached skill level 5 in Shields
  3230 | D:4      | Reached XP level 7. HP: 22/61 MP: 7/7
  3750 | D:4      | Found a bloodstained altar of Trog.
  3801 | D:4      | Found an ornate altar of the Wu Jian Council.
  3810 | D:4      | Noticed Menkaure
  3817 | D:4      | Killed Menkaure
  4092 | D:5      | Entered Level 5 of the Dungeon
  4238 | D:5      | Reached XP level 8. HP: 67/71 MP: 8/8
  4292 | D:5      | Found a staircase to the Ecumenical Temple.
  4308 | Temple   | Entered the Ecumenical Temple
  4782 | D:5      | Identified the cursed +1 quarterstaff "Oppidio" {crush,
                  | rF+}
  5219 | D:6      | Slain by a bullfrog

Skill      XL: |  1  2  3  4  5  6  7  8 |
---------------+-------------------------+-----
Fighting       | 4 5 6 7 |  7.3
Axes           | 3 4 5 6 7 |  7.4
Armour         | 4 5 6 |  6.7
Shields        | 4 5 6 |  6.7

Action                   |  1- 3 |  4- 6 |  7- 9 || total
-------------------------+-------+-------+-------++-------
Melee: War axe           |    65 |   195 |   142 ||   402
  Use: Potion            |       |     1 |       ||     1
  Eat: Chunk             |     1 |     7 |     6 ||    14
Armor: Scale mail        |    28 |    95 |    53 ||   176
Dodge: Dodged            |    25 |    72 |    55 ||   152
Block: Shield            |    34 |   116 |    86 ||   236
